cohdb
Replays
Latest Replays
All Replays
Popular Replays
Top Player Replays
Match Explorer
How It Works
Community
CoH3 Stats
Reddit
Sign in to upload your games and track your stats! →
Sign in with Steam
top10 allies
Match 12693838
Overview
Messages
Build Orders
End
Construct Section Command Post
Vickers Machine Gun Team
Infantry Section
Dingo Light Scout Car
Infantry Section
Construct Platoon Command Post
Selects Indian Artillery Battlegroup
Selects Valour
Unlock M3 Stuart Light Tanks
M3 Stuart Light Tank
Royal Engineer Section
M3 Stuart Light Tank
Selects Gurkha Rifles Section
6-pounder Anti-tank Gun Team
Selects Volunteer Infantry
M3 Stuart Light Tank
M3 Stuart Light Tank
AI Takeover
Dawg
Eagle
B L U E S KI D R O W
Callous
0
0
Comments
sign in to comment!
No comments posted yet!